 Dungeon Sprint DCSS version 0.20-a0-11-ga97c7b5 (webtiles) character file.

9002 poirepourri the Bludgeoner (level 11, -1/78 HPs)
             Began as a Gargoyle Fighter on Nov 2, 2016.
             Was the Champion of Cheibriados.
             Killed from afar by a deep elf knight (17 damage)
             ... with a shard of ice
             ... in the Dungeon (Sprint III: "The Ten Rune Challenge").
             The game lasted 00:07:23 (3138 turns).

poirepourri the Bludgeoner (Gargoyle Fighter)       Turns: 3138, Time: 00:07:24

Health: -1/78      AC: 23    Str: 37    XL:     11   Next: 39%
Magic:  11/11      EV: 17    Int: 23    God:    Cheibriados [******]
Gold:   83         SH: 17    Dex: 26    Spells: 0 memorised, 10 levels left

rFire  . . .     SeeInvis .     a - +2 flail (protect)
rCold  . . .     Gourm    .     o - +0 scale mail
rNeg   + . .     Faith    .     c - +0 shield
rPois  ∞         Spirit   .     (no helmet)
rElec  +         Reflect  .     (no cloak)
rCorr  .         Harm     .     (no gloves)
MR     .....     NoTele   +     (no boots)
Stlth  +.........               (no amulet)
                                (no ring)
                                (no ring)

@: protection aura, very slow
A: negative energy resistance 1, electricity resistance, unbreathing,
petrification resistance, rot immunity, AC +7
a: Bend Time, Temporal Distortion, Slouch, Step From Time, Renounce Religion


You were in the Dungeon.
You worshipped Cheibriados.
Cheibriados was exalted by your worship.
You were not hungry.

You visited 1 branch You collected 187 gold pieces.
You spent 104 gold pieces at shops.

Inventory:

Hand Weapons
 a - a +2 flail of protection (weapon)
 b - a +0 blowgun
Missiles
 n - 6 curare-tipped needles
 q - 4 throwing nets (quivered)
Armour
 c - a +0 shield (worn)
 o - a +0 scale mail (worn)
Scrolls
 k - a scroll of blinking
 r - 3 scrolls of remove curse
 s - a scroll of summoning
Potions
 h - a potion of haste
 i - 3 potions of magic
 m - 2 potions of mutation {unknown}
 p - 2 potions of flight {unknown}
 t - 2 potions of cure mutation
Books
 d - a book of Minor Magic

   Spells                             Type                      Level
   a - Magic Dart                     Conjuration                  1
   b - Blink                          Translocation                2
   c - Call Imp                       Summoning                    2
   d - Repel Missiles                 Charms/Air                   2
   e - Slow                           Hexes                        2
   f - Conjure Flame                  Conjuration/Fire             3
   g - Mephitic Cloud                 Conjuration/Poison/Air       3
 g - a book of the Dragon

   Spells                             Type                      Level
   a - Flame Tongue                   Conjuration/Fire             1
   b - Cause Fear                     Hexes                        4
   c - Bolt of Fire                   Conjuration/Fire             6
   d - Dragon Form                    Transmutation                7
   e - Dragon's Call                  Summoning                    9
Comestibles
 f - a bread ration
 j - 22 royal jellies
 l - a meat ration


   Skills:
 + Level 13.4 Fighting
 + Level 15.5 Maces & Flails
 + Level 11.2 Armour
 + Level 7.1 Dodging
 + Level 15.0 Shields


You had 10 spell levels left.
You didn't know any spells.

Dungeon Overview and Level Annotations

Branches:
Dungeon (1/1)

Altars:
Cheibriados
Dithmenos
Elyvilon
Fedhas
Gozag
Hepliaklqana
Kikubaaqudgha
Makhleb
Nemelex Xobeh
Okawaru
Qazlal
Ru
Sif Muna
Trog
Uskayaw
Vehumet
Xom
Yredelemnul
Zin
The Shining One
Beogh
Jiyva
Lugonu

Shops:
D ?


Innate Abilities, Weirdness & Mutations

You are resistant to torment.
Your stone body is resilient. (AC +7)
You are immune to poison.
You resist negative energy. (rN+)
You are resistant to electric shocks. (rElec)
You can survive without breathing.
You are immune to petrification.
You are immune to rotting.


Message History

You hit the deep elf knight.
The deep elf knight is almost dead.
You block the deep elf knight's attack. Something hits you but does no damage.
The deep elf knight blocks your attack.
The deep elf knight is almost dead.
The deep elf knight casts a spell at you.
The shard of ice hits you!
The deep elf mage mumbles some strange words.
You block something's attack.
You miss the deep elf knight.
The deep elf knight is almost dead.
The deep elf knight points at you and mumbles some strange words.
The shard of ice hits you!
* * * LOW HITPOINT WARNING * * *
The deep elf mage casts a spell.
The deep elf mage blinks!
You feel better.
The deep elf knight casts a spell at you.
The shard of ice hits you!
You die...

▓▓▓▓▓▓ #############.#.)#######
__[#__#.∩.#..#..@ee#...#
__.#._#.........##§#...#
'###)##........## #...≈
......#........# ...#
......#.#.#....# ..#
#####(#))####### ##
__#.))#)#########################
__#..)#....#.#.#.....#......'...≈
__#).)##.#..#.##.###.#......#...≈


You could see a deep elf knight and a deep elf mage.

Vanquished Creatures
  Harold (D)
  Erolcha (D)
  A deep elf knight (D)
  An orc knight (D)
  Joseph (D)
  A deep elf mage (D)
  2 orc sorcerers (D)
  A queen bee (D)
  3 wandering mushrooms (D)
  A shadow (D)
  2 redbacks (D)
  A spatial vortex (D)
  2 hill giants (D)
  An orc warrior (D)
  A necrophage (D)
  3 two-headed ogres (D)
  A water elemental (D)
  32 killer bees (D)
  A jelly (D)
  2 orc wizards (D)
  Jessica (D)
  A wizard (D)
  A necromancer (D)
  A kobold demonologist (D)
  3 humans (D)
  A wolf (D)
  An ooze (D)
  11 orcs (D)
  2 rats (D)
81 creatures vanquished.

Vanquished Creatures (others)
  2 draconian scorchers (D)
  6 hellions (D)
  2 yaktaurs (D)
  An orc high priest (D)
  An electric eel (D)
  2 orc priests (D)
  11 plants (D)
25 creatures vanquished.

Grand Total: 106 creatures vanquished

Notes
Turn   | Place    | Note
-------+----------+-------------------------------------------
     0 | D        | poirepourri the Gargoyle Fighter began the quest for the Orb.
     0 | D        | Reached XP level 1. HP: 14/14 MP: 1/1
    66 | D        | Killed a yaktaur
    77 | D        | Killed a hellion
    78 | D        | Killed a hellion
   101 | D        | Killed a hellion
   104 | D        | Killed a hellion
   104 | D        | Killed a hellion
   106 | D        | Killed a hellion
   121 | D        | Noticed Jessica
   126 | D        | Killed Jessica
   126 | D        | Reached XP level 2. HP: 19/20 MP: 2/2
   126 | D        | Reached XP level 3. HP: 24/25 MP: 3/3
   177 | D        | Killed a white draconian scorcher
   179 | D        | Reached skill level 5 in Fighting
   179 | D        | Reached skill level 5 in Armour
   179 | D        | Reached skill level 5 in Shields
   193 | D        | Reached XP level 4. HP: 24/31 MP: 4/4
   200 | D        | Killed a white draconian scorcher
   317 | D        | Noticed a water elemental
   324 | D        | Killed a water elemental
   324 | D        | Reached skill level 5 in Maces & Flails
   324 | D        | Reached XP level 5. HP: 30/37 MP: 5/5
   460 | D        | Found a radiant altar of Vehumet.
   460 | D        | Found a deep blue altar of Sif Muna.
   460 | D        | Found an ancient bone altar of Kikubaaqudgha.
   467 | D        | Noticed a chaos spawn
   481 | D        | Reached skill level 1 in Dodging
   732 | D        | Found a glowing silver altar of Zin.
   732 | D        | Found a glowing golden altar of the Shining One.
   732 | D        | Found a white marble altar of Elyvilon.
   733 | D        | Noticed a deep elf mage
   755 | D        | Killed a deep elf mage
   755 | D        | Reached XP level 6. HP: 20/44 MP: 6/6
   755 | D        | Reached XP level 7. HP: 22/49 MP: 7/7
   925 | D        | Found a basalt altar of Yredelemnul.
   925 | D        | Found a shadowy altar of Dithmenos.
   925 | D        | Found a sacrificial altar of Ru.
   952 | D        | Noticed a shadow
   963 | D        | Killed a shadow
   963 | D        | Reached skill level 10 in Maces & Flails
   965 | D        | Reached XP level 8. HP: 26/55 MP: 8/8
  1120 | D        | Found a blossoming altar of Fedhas.
  1120 | D        | Found a stormy altar of Qazlal.
  1120 | D        | Found a snail-covered altar of Cheibriados.
  1120 | D        | Found a burning altar of Makhleb.
  1120 | D        | Found a shimmering altar of Xom.
  1121 | D        | Found a hazy altar of Hepliaklqana.
  1121 | D        | Found an opulent altar of Gozag.
  1121 | D        | Found a sparkling altar of Nemelex Xobeh.
  1121 | D        | Found a corrupted altar of Lugonu.
  1121 | D        | Found a viscous altar of Jiyva.
  1269 | D        | Became a worshipper of Cheibriados the Contemplative
  1417 | D        | Found a hide-covered altar of Uskayaw.
  1417 | D        | Found a roughly hewn altar of Beogh.
  1417 | D        | Found an iron altar of Okawaru.
  1417 | D        | Found a bloodstained altar of Trog.
  1433 | D        | Reached * piety under Cheibriados
  1624 | D        | Reached ** piety under Cheibriados
  1641 | D        | Reached skill level 10 in Shields
  1733 | D        | Reached *** piety under Cheibriados
  1885 | D        | Noticed Erolcha
  1891 | D        | Killed a yaktaur
  1897 | D        | Killed Erolcha
  1897 | D        | Reached skill level 10 in Fighting
  1897 | D        | Reached skill level 5 in Dodging
  1897 | D        | Reached XP level 9. HP: 34/63 MP: 9/9
  2147 | D        | Reached **** piety under Cheibriados
  2239 | D        | Noticed a wandering mushroom
  2244 | D        | Noticed a wandering mushroom
  2246 | D        | Noticed a wandering mushroom
  2251 | D        | Killed a wandering mushroom
  2263 | D        | Killed a wandering mushroom
  2263 | D        | Reached ***** piety under Cheibriados
  2263 | D        | Reached skill level 10 in Armour
  2269 | D        | Killed a wandering mushroom
  2269 | D        | Reached XP level 10. HP: 51/70 MP: 10/10
  2364 | D        | Noticed Harold
  2364 | D        | Noticed Joseph
  2382 | D        | Killed Harold
  2403 | D        | Killed Joseph
  2403 | D        | Reached skill level 15 in Maces & Flails
  2631 | D        | Reached ****** piety under Cheibriados
  2766 | D        | Reached XP level 11. HP: 64/76 MP: 11/11
  2961 | D        | Found Zougutz's Magic Scroll Boutique.
  2962 | D        | Noticed an orc sorcerer
  2963 | D        | Noticed an orc knight
  3015 | D        | Killed an orc knight
  3027 | D        | Noticed an orc sorcerer
  3035 | D        | Killed an orc sorcerer
  3048 | D        | Killed an orc sorcerer
  3089 | D        | Bought a scroll of summoning for 104 gold pieces
  3114 | D        | Noticed a deep elf knight
  3114 | D        | Noticed a deep elf mage
  3114 | D        | Noticed a deep elf knight
  3114 | D        | Noticed a deep elf mage
  3114 | D        | Noticed a deep elf knight
  3130 | D        | Killed a deep elf knight
  3130 | D        | Reached skill level 15 in Shields
  3138 | D        | Killed from afar by a deep elf knight

Vault maps used:
D:        dungeon_sprint_mu

Skill      XL: |  1  2  3  4  5  6  7  8  9 10 11 |
---------------+----------------------------------+-----
Fighting       | 4 5 6 8 10 11 12 13 | 13.4
Shields        | 4 5 6 8 9 10 11 13 15 | 15.0
Maces & Flails | 3 4 5 9 10 12 13 15 | 15.5
Armour         | 4 5 6 8 9 10 11 | 11.2
Dodging        | 2 3 5 6 7 |  7.1

Action                   |  1- 3 |  4- 6 |  7- 9 | 10-12 || total
-------------------------+-------+-------+-------+-------++-------
Melee: Flail             |    28 |    42 |   147 |   280 ||   497
  Use: Scroll            |       |     4 |       |       ||     4
       Potion            |       |     3 |       |     1 ||     4
  Eat: Fruit             |       |       |     2 |       ||     2
       Meat ration       |       |       |     1 |       ||     1
Armor: Scale mail        |    13 |    13 |    22 |    81 ||   129
Dodge: Dodged            |     7 |    12 |    31 |   187 ||   237
Block: Shield            |    20 |    17 |    72 |   316 ||   425
